 Dungeon Crawl Stone Soup version 0.17-a0-1882-g750edc8 (webtiles) character file.

318872 derrpe the Unseen (level 22, -2/140 HPs)
             Began as a Kobold Enchanter on Sept 22, 2015.
             Was the Champion of Kikubaaqudgha.
             Slain by a tentacled starspawn (29 damage)
             ... while paralysed by accursed screaming
             ... on level 1 of the Abyss.
             The game lasted 05:30:20 (57914 turns).

derrpe the Unseen (Kobold Enchanter)               Turns: 57914, Time: 05:30:21

Health: -2/140     AC: 13    Str: 13      XL:     22   Next: 41%
Magic:  42/42      EV:  0    Int: 24 (27) God:    Kikubaaqudgha [******]
Gold:   3412       SH:  0    Dex: 23      Spells: 10 memorised, 9 levels left

rFire  . . .     SeeInvis .     a - +9 dagger (pain)
rCold  + . .     Clarity  +     k - +1 leather armour "Viddole" {Str+5 Int+2}
rNeg   . . .     SustAt   .     i - +0 buckler of Wileco {+Blink Regen+ rCorr}
rPois  .         Gourm    .     X - +2 hat
rElec  +         Spirit   .     T - +2 cloak of Starlight {rElec rC+ EV+4 Stlth--}
rCorr  +         Warding  .     B - +0 pair of gloves of Jailiosec {+Fly MR- MP+9 Slay+4}
rMut   +         Stasis   .     Q - +1 pair of boots {Stlth+}
MR     .....                    l - amulet of resist mutation
Stlth  ++++++++..               F - +5 ring of dexterity
                                m - +5 ring of intelligence

@: paralysed, about to teleport, very slightly contaminated, regenerating
(expiring), hasted, constricted, studying Shields, not resistant to hostile
enchantments, extraordinarily stealthy
A: carnivore 3, clarity, low mp 1, regeneration 1
a: Receive Corpses, Torment, Renounce Religion, Evoke Blink, Evoke Flight
}: 2/15 runes: decaying, gossamer


You were on level 1 of the Abyss.
You worshipped Kikubaaqudgha.
Kikubaaqudgha was exalted by your worship.
You were very full.

You visited 7 branches of the dungeon, and saw 40 of its levels.
You visited the Abyss 5 times.

You collected 5270 gold pieces.
You spent 1858 gold pieces at shops.

Inventory:

Hand weapons
 a - a +9 dagger of pain (weapon)
 b - the +1 short sword of Suadd {drain, Int+2 Dex+4 SInv}
   (You found it on level 2 of the Lair of Beasts)

   A truly terrible weapon, it drains the life of those it strikes.
   It affects your intelligence (+2).
   It affects your dexterity (+4).
   It lets you see invisible.
 f - the +7 rapier "Kiretapa" {vamp, *Confuse +Inv rElec Str+4}
   (You took it off a deep elf death mage on level 3 of the Elven Halls)

   It inflicts no extra harm, but heals its wielder somewhat when it strikes a
   living foe.
   It affects your strength (+4).
   It insulates you from electricity.
   It lets you turn invisible.
   It may confuse you when you take damage.
Missiles
 G - 56 tomahawks (quivered)
 P - a throwing net
Armour
 i - the +0 buckler of Wileco (worn) {+Blink Regen+ rCorr}
   (You acquired it on level 11 of the Dungeon)

   It lets you blink.
   It increases your rate of regeneration.
   It protects you from acid and corrosion.
 k - the +1 leather armour "Viddole" (worn) {Str+5 Int+2}
   (You found it on level 2 of the Vaults)

   It affects your strength (+5).
   It affects your intelligence (+2).
 B - the +0 pair of gloves of Jailiosec (worn) {+Fly MR- MP+9 Slay+4}
   (You bought it in a shop on level 1 of the Orcish Mines)

   It affects your accuracy and damage with ranged weapons and melee attacks
   (+4).
   It affects your resistance to hostile enchantments.
   It affects your magic capacity (+9).
   It lets you fly.
 Q - a +1 pair of boots of stealth (worn)
 T - the +2 cloak of Starlight (worn) {rElec rC+ EV+4 Stlth--}
   (You found it on level 2 of the Elven Halls)

   It affects your evasion (+4).
   It protects you from cold.
   It insulates you from electricity.
   It makes you much less stealthy.
 X - a +2 hat (worn)
Rods
 p - a +5 lightning rod (16/16)
   (You found it on level 10 of the Dungeon)
 K - a +2 rod of ignition (11/11)
   (You found it on level 1 of the Spider Nest)
Jewellery
 l - an amulet of resist mutation (around neck)
 m - a +5 ring of intelligence (left hand)
 x - an uncursed ring of protection from cold
 y - an uncursed ring of protection from fire
 C - an uncursed ring of protection from magic
 F - a +5 ring of dexterity (right hand)
Magical devices
 u - a wand of heal wounds (2)
 z - a wand of digging (20)
 O - a wand of invisibility (7)
Scrolls
 j - 3 scrolls of blinking
 o - 7 scrolls of remove curse
 t - 2 scrolls of recharging
 A - 7 scrolls of amnesia
 H - 6 scrolls of fog
 L - a scroll of enchant weapon
 N - 2 scrolls of teleportation
 R - 5 scrolls of magic mapping
 S - 4 scrolls of fear
 U - 14 scrolls of identify
Potions
 c - 2 potions of berserk rage
 e - 8 potions of curing
 q - 4 potions of resistance
 r - a potion of cure mutation
 s - 3 potions of cancellation
 w - a potion of invisibility
 D - 5 potions of flight
 M - 3 potions of brilliance
Books
 g - a manual of Shields
 v - Feozad's Handbook of the Boosting Glacier
   (You found it on level 8 of the Lair of Beasts)

   Spells                             Type                      Level
   a - Freeze                         Ice                          1
   b - Spectral Weapon                Hexes/Charms                 3
   c - Ice Form                       Ice/Transmutation            4
   d - Haste                          Charms                       6
   e - Freezing Cloud                 Conjuration/Ice/Air          6
 J - a book of Dreams

   Spells                             Type                      Level
   a - Ensorcelled Hibernation        Hexes/Ice                    2
   b - Phase Shift                    Translocation                5
   c - Shadow Creatures               Summoning                    5
   d - Silence                        Hexes/Air                    5
   e - Darkness                       Hexes                        6
   f - Mass Confusion                 Hexes                        6
 Y - a book of the Sky

   Spells                             Type                      Level
   a - Summon Lightning Spire         Summoning/Air                4
   b - Airstrike                      Air                          4
   c - Silence                        Hexes/Air                    5
   d - Deflect Missiles               Charms/Air                   6
   e - Conjure Ball Lightning         Conjuration/Air              6
   f - Tornado                        Air                          9
Comestibles
 d - 29 meat rations {@e2}
 h - 9 royal jellies
 n - 23 beef jerkies


   Skills:
 + Level 15.5 Fighting
 - Level 11.4 Short Blades
 - Level 4.0 Armour
 + Level 16.4 Dodging
 + Level 19.6 Stealth
 - Level 5.6 Shields
 - Level 11.0 Spellcasting
 + Level 0.1 Conjurations
 - Level 8.2 Hexes
 + Level 9.0 Charms
 - Level 8.0 Summonings
 - Level 14.4 Necromancy
 - Level 4.4 Translocations
 - Level 12.0 Ice Magic


You had 9 spell levels left.
You knew the following spells:

 Your Spells              Type           Power        Failure   Level  Hunger
a - Summon Butterflies    Summ           ######..     1%          1    None
b - Aura of Abjuration    Summ           ######....   8%          5    ####...
c - Apportation           Tloc           ####......   1%          1    None
d - Dazzling Spray        Conj/Hex       ####....     3%          3    None
e - Simulacrum            Ice/Necr       ######....   4%          6    #####..
f - Blink                 Tloc           N/A          1%          2    None
g - Dispel Undead         Necr           ######..     1%          5    ####...
h - Haste                 Chrm           ######..     24%         6    #####..
m - Sublimation of Blood  Necr           ######....   1%          2    None
r - Regeneration          Chrm/Necr      ######....   1%          3    None


Dungeon Overview and Level Annotations

Branches:
Dungeon (15/15)            Temple (0/1) D:4            Lair (8/8) D:10
  Swamp (4/4) Lair:3       Spider (4/4) Lair:3        Slime (0/6) Lair:8
    Orc (4/4) D:11            Elf (3/3) Orc:3        Vaults (2/5) D:14
  Crypt (0/3) Vaults:2     Depths (0/5) D:15

Altars:
Cheibriados
Fedhas
Gozag
Kikubaaqudgha
Makhleb
Qazlal
Sif Muna
Xom
Yredelemnul
Zin
Beogh

Shops:
Orc:1 [   Orc:4 }%%   Elf:1 ?   Elf:2 %(   Elf:3 (   Vaults:1 =   Vaults:2 ?*

Annotations:
Lair:6 exclusion: 2 oklob plants
Orc:3 !Rupert


Innate Abilities, Weirdness & Mutations

You are small and have problems with some larger weapons.
You are carnivorous and can eat meat at any time.
You possess an exceptional clarity of mind.
Your natural rate of healing is unusually fast.
[Your magical capacity is low (-10% MP).]


Message History

* * * LOW HITPOINT WARNING * * *
Space bends around you.
* * * LOW HITPOINT WARNING * * *
The spatial maelstrom completely misses you.
The starspawn tentacle constricts you.
Evoke which item? (* to show all) (? for menu, Esc to quit)
Zapping:
u - a wand of heal wounds (3)
Press: ? - help, Shift-Dir - straight line, f - you You feel much better.
This wand has 2 charges left.
A starcursed mass splits.
A deafening chorus of shrieks assaults your mind!
You suddenly lose the ability to move!
The smoke demon hits you but does no damage. x3
The spatial maelstrom hits you but does no damage.
The spatial maelstrom hits you!
* * * LOW HITPOINT WARNING * * *
Space warps horribly around you!
* * * LOW HITPOINT WARNING * * *
The tentacled starspawn bites you!!
You die...
Kikubaaqudgha rasps: "You have failed me!
Welcome... death!"

#.#.# #..
#..v..## #
#.##.#.X###
#..##X.4 #
##...#.. ..
#wX4#. #
####XX##X#
..##..wv3#.#X..#
.......@w.##
...#
.....X.wXX##.. #
.!..X......#
#... .
......##...# #.#
......# ..#.# .
. ......
......## .#
.....
*....#.....# .
...... ...## #.
. . . . #


You could see 6 starcursed masses, 2 tentacled starspawn, a spatial maelstrom, a
spatial vortex, a large abomination, a hellwing, a smoke demon and 4 starspawn
tentacles.

Vanquished Creatures
  the Lernaean hydra (Swamp:4)
  Norris (Spider:2)
  3 bone dragons
  Rupert (Orc:3)
  A lich (Abyss:1)
  Asterion (Spider:1)
  2 deep elf master archers (Elf:3)
  2 deep elf blademasters (Elf:3)
  Gastronok (Lair:1)
  Agnes (Spider:3)
  2 thorn hunters
  Kirke (Swamp:1)
  2 tentacled starspawn
  A fire giant (Vaults:1)
  Donald (Orc:4)
  2 ghost moths (Spider:4)
  Maud (Orc:3)
  5 vault wardens
  3 deep elf sorcerers
  Aizul (Vaults:1)
  5 emperor scorpions
  3 ironheart preservers
  A draconian annihilator (Abyss:3)
  2 stone giants (Vaults:2)
  Nessos (Orc:3)
  10 deep elf demonologists
  The ghost of GrandHerb the Fighter, a powerful DsGl of Okawaru (Lair:2)
  6 deep elf annihilators (Elf:3)
  2 dire elephants (Lair:3)
  Snorg (Orc:4)
  11 deep elf death magi (Elf:3)
  5 vault guards
  An ettin (D:15)
  5 entropy weavers
  2 deep elf high priests (Elf:3)
  A great orb of eyes (Vaults:1)
  3 fire dragons
  A great orb of eyes (shapeshifter) (Elf:2)
  33 hydras
  Erolcha (D:9)
  3 rakshasas
  4 merfolk avatars
  Erica (Orc:1)
  2 dancing weapons (Elf:2)
  11 centaur warriors
  9 alligators
  2 ogre magi (Vaults:1)
  2 ghost crabs (Swamp:4)
  2 tengu warriors (D:15)
  9 death yaks
  A deep troll earth mage (Vaults:1)
  A thrashing horror (Abyss:5)
  Urug (D:11)
  A deep troll shaman (Vaults:2)
  Nergalle (D:11)
  19 deep elf knights
  A hell knight (D:15)
  2 wretched stars
  A shadow demon (Abyss:1)
  2 unseen horrors
  10 swamp dragons
  2 fire crabs
  A giant orange brain (Vaults:1)
  A giant orange brain (shapeshifter) (Vaults:1)
  11 deep elf summoners
  4 spriggan druids
  6 deep trolls
  A flayed ghost (Abyss:5)
  Pikel (D:8)
  8 hill giants
  A phantasmal warrior (Abyss:1)
  12 orc knights
  13 orb spiders
  An ironbrand convoker (Vaults:2)
  5 griffons
  12 ugly things
  A shining eye (Lair:8)
  A hornet (shapeshifter) (Vaults:1)
  An orc sorcerer (Vaults:1)
  26 wolf spiders
  2 moths of wrath
  2 manticores
  A fire giant zombie (Abyss:3)
  A worldbinder (Abyss:5)
  6 cyclopes
  15 deep elf conjurers
  16 elephants
  5 black mambas
  A guardian serpent (Abyss:5)
  A sixfirhy (Abyss:3)
  3 hornets
  6 vault sentinels
  3 smoke demons
  2 torpor snails
  3 gargoyles
  A kobold demonologist (Vaults:2)
  24 spiny frogs
  6 komodo dragons
  3 ancient zymes
  2 tormentors
  8 demonic crawlers
  3 efreet
  7 deep elf priests
  22 jumping spiders
  A tengu conjurer (D:15)
  6 trolls
  A hellion (Abyss:5)
  5 two-headed ogres
  2 freezing wraiths
  6 polar bears (Lair:8)
  22 slime creatures
  2 fire drakes (Lair:3)
  14 bog bodies
  A frost giant simulacrum (Vaults:2)
  9 giant leeches
  A queen bee (Lair:1)
  A jumping spider (shapeshifter) (D:10)
  7 raiju
  12 blink frogs
  4 large abominations (Abyss:5)
  24 trapdoor spiders
  4 boulder beetles
  An ettin zombie (Abyss:5)
  5 flying skulls (Abyss:3)
  24 spriggans
  A vampire (D:15)
  60 redbacks
  3 shadows
  20 tarantellas
  A tarantella (shapeshifter) (Vaults:1)
  12 hippogriffs
  26 yaks
  6 wyverns
  13 deep elf magi
  3 neqoxecs (Abyss:5)
  23 deep elf fighters
  4 wraiths
  3 hungry ghosts
  A golden eye (Abyss:5)
  25 vampire mosquitoes
  A basilisk (Lair:1)
  3 wargs
  22 wolves
  2 steam dragons
  A chaos spawn (Abyss:5)
  A mottled dragon (Vaults:1)
  A hydra simulacrum (Abyss:3)
  20 swamp worms
  11 water moccasins
  10 porcupines
  17 insubstantial wisps
  3 ice beasts
  46 spiders
  13 swamp drakes
  3 sky beasts
  44 orc warriors
  15 wasps
  An eye of draining (D:12)
  5 phantoms
  9 black bears
  15 centaurs
  9 boggarts (Vaults:1)
  25 ogres
  16 crocodiles
  A big kobold (D:11)
  A brain worm (D:12)
  2 wyvern zombies
  2 small abominations
  33 giant frogs
  10 scorpions
  A water moccasin zombie (D:8)
  A wyvern skeleton (D:10)
  14 killer bees (Lair:1)
  3 wights (D:9)
  9 electric eels
  5 jellies
  A hound (shapeshifter) (Vaults:1)
  8 hounds
  9 crimson imps
  4 lava snakes (Lair:5)
  A quasit (Abyss:1)
  An iron imp (Abyss:1)
  4 starcursed masses
  19 orc priests
  19 orc wizards
  5 centaur zombies
  5 giant frog skeletons
  4 centaur skeletons
  13 iguanas
  2 hell rats (Lair:4)
  6 worker ants
  29 sheep
  5 hound skeletons
  80 river rats
  12 adders
  6 shadow imps
  An ooze (D:6)
  An adder skeleton (D:6)
  3 worms
  7 giant geckos
  197 orcs
  3 giant cockroaches
  3 goblins
  7 hobgoblins
  11 jackals
  A quokka (D:7)
  2 ball pythons
  11 bats
  A giant gecko skeleton (D:4)
  A giant newt (D:3)
  12 kobolds
  A quokka skeleton (D:7)
  A quokka zombie (D:7)
  6 rats
  3 bushes (Elf:3)
  A fungus (Lair:8)
  A plant (Lair:3)
  4 starspawn tentacles (Abyss:1)
1703 creatures vanquished.

Vanquished Creatures (collateral kills)
  A thorn hunter (Swamp:4)
  3 emperor scorpions (Spider:4)
  An entropy weaver (Spider:3)
  2 centaur warriors
  A deep troll (Vaults:1)
  A swamp dragon (Swamp:3)
  3 deep elf summoners
  A shambling mangrove (Swamp:3)
  A hill giant (D:12)
  5 wolf spiders
  7 ugly things
  2 orb spiders (Spider:4)
  2 cyclopes (Vaults:1)
  A centaur zombie (D:13)
  A torpor snail (Spider:3)
  A freezing wraith (Vaults:1)
  2 demonic crawlers (Spider:4)
  A deep elf priest (Elf:2)
  4 jumping spiders
  A troll (D:13)
  7 redbacks
  5 trapdoor spiders (Spider:4)
  A wraith (D:14)
  3 spriggans
  A deep elf mage (Elf:1)
  A shadow (D:14)
  8 tarantellas
  2 deep elf fighters
  A vampire mosquito (D:14)
  2 wyverns
  A mottled dragon (D:13)
  3 spiders
  2 orc warriors
  2 swamp drakes
  4 centaurs
  3 wasps
  A giant frog (D:14)
  An orc priest (D:13)
  2 orc wizards (D:13)
  A worker ant (D:12)
  A giant frog skeleton (D:12)
  An iguana (D:14)
  An adder (D:12)
  10 orcs
  A quokka (D:12)
  6 bushes (Elf:3)
  A fungus (Lair:1)
113 creatures vanquished.

Vanquished Creatures (others)
  A tentacled starspawn (Abyss:5)
  A ghost moth (Spider:4)
  A draconian annihilator (Abyss:5)
  A starcursed mass (Abyss:5)
  An ironheart preserver (Vaults:1)
  A blizzard demon (Abyss:5)
  A green death (Abyss:5)
  An alligator (Swamp:4)
  An ugly thing (Abyss:5)
  2 ancient zymes (Abyss:5)
  A shadow dragon simulacrum (Abyss:5)
  3 flying skulls (Abyss:5)
  3 blink frogs (Abyss:5)
  A raiju (Abyss:5)
  2 redbacks (Spider:4)
  A stone giant simulacrum (Abyss:5)
  2 small abominations (Abyss:5)
  A neqoxec (Abyss:5)
  3 humans (Swamp:1)
  A chaos spawn (Abyss:5)
  5 spatial vortices (Abyss:5)
  An insubstantial wisp (Abyss:5)
  3 golden eyes (Abyss:5)
  A porcupine (Swamp:1)
  4 large abominations (Abyss:5)
  A boggart (Vaults:1)
  2 orc wizards
  An orc priest (Orc:1)
  An orc (Vaults:1)
  17 bushes (Elf:3)
  40 fungi
  A lurking horror (Abyss:5)
  5 plants
  14 starspawn tentacles
  212 starspawn tentacle segments
  13 toadstools (Lair:3)
350 creatures vanquished.

Grand Total: 2166 creatures vanquished

Notes
Turn   | Place    | Note
--------------------------------------------------------------
     0 | D:1      | derrpe the Kobold Enchanter began the quest for the Orb.
     0 | D:1      | Reached XP level 1. HP: 10/10 MP: 3/3
   216 | D:1      | Reached XP level 2. HP: 10/15 MP: 5/5
   495 | D:1      | Learned a level 2 spell: Ensorcelled Hibernation
  1022 | D:2      | Reached XP level 3. HP: 19/19 MP: 6/6
  1055 | D:2      | Reached skill level 1 in Ice Magic
  1517 | D:2      | Reached XP level 4. HP: 17/24 MP: 0/7
  2382 | D:3      | Found an ancient bone altar of Kikubaaqudgha.
  2392 | D:3      | Became a worshipper of Kikubaaqudgha
  2617 | D:3      | Learned a level 3 spell: Confuse
  2668 | D:3      | Reached XP level 5. HP: 28/28 MP: 0/8
  3047 | D:4      | Found a staircase to the Ecumenical Temple.
  3343 | D:4      | Noticed an ogre
  3368 | D:4      | Killed an ogre
  3453 | D:4      | Reached XP level 6. HP: 27/32 MP: 5/9
  3694 | D:4      | Reached skill level 1 in Necromancy
  3777 | D:4      | Found a snail-covered altar of Cheibriados.
  4158 | D:5      | Entered Level 5 of the Dungeon
  4234 | D:5      | Learned a level 3 spell: Dazzling Spray
  4339 | D:5      | Noticed an ice beast
  5076 | D:5      | Reached skill level 5 in Stealth
  5076 | D:5      | Reached XP level 7. HP: 25/36 MP: 10/10
  5288 | D:5      | Reached skill level 6 in Stealth
  5408 | D:5      | Reached XP level 8. HP: 15/41 MP: 2/11
  5643 | D:5      | Reached skill level 5 in Necromancy
  5986 | D:5      | Killed an ice beast
  5986 | D:5      | Reached skill level 7 in Stealth
  6263 | D:6      | Found a glowing silver altar of Zin.
  6266 | D:6      | Found a stormy altar of Qazlal.
  6339 | D:6      | Reached skill level 1 in Fighting
  6741 | D:7      | Acquired Kikubaaqudgha's first power
  6741 | D:7      | Received a gift from Kikubaaqudgha
  6742 | D:7      | Identified Kikubaaqudgha's Grimoire of Dark Arts (Kikubaaqudgha gifted it to you on level 7 of the Dungeon)
  6749 | D:7      | Learned a level 3 spell: Regeneration
  7778 | D:7      | Reached XP level 9. HP: 48/48 MP: 6/13
  7832 | D:7      | Learned a level 2 spell: Sublimation of Blood
  8356 | D:8      | Found a burning altar of Makhleb.
  8539 | D:8      | Reached skill level 5 in Hexes
  8539 | D:8      | Reached skill level 5 in Ice Magic
  8596 | D:8      | Found a snail-covered altar of Cheibriados.
  9254 | D:8      | Found a deep blue altar of Sif Muna.
  9255 | D:8      | Found a basalt altar of Yredelemnul.
  9286 | D:8      | Reached skill level 8 in Stealth
  9433 | D:8      | Reached XP level 10. HP: 56/56 MP: 11/14
  9477 | D:8      | Noticed Pikel
  9488 | D:8      | Killed Pikel
  9488 | D:8      | Reached skill level 5 in Dodging
  9570 | D:8      | Reached skill level 5 in Short Blades
 10278 | D:9      | Reached skill level 9 in Stealth
 10317 | D:9      | Acquired Kikubaaqudgha's second power
 10362 | D:9      | Noticed Erolcha
 10365 | D:9      | Killed Erolcha
 10638 | D:9      | Reached skill level 5 in Fighting
 10832 | D:9      | Reached XP level 11. HP: 59/63 MP: 3/15
 11257 | D:10     | Entered Level 10 of the Dungeon
 11655 | D:10     | Noticed a centaur warrior
 12184 | D:11     | Reached skill level 10 in Stealth
 12193 | D:11     | Noticed Nergalle
 12193 | D:11     | Noticed a red ugly thing
 12212 | D:11     | Killed a red ugly thing
 12452 | D:10     | Noticed a cyan ugly thing
 12855 | D:11     | Noticed a manticore
 12863 | D:11     | Killed a manticore
 12916 | D:11     | Noticed a cyclops
 13116 | D:11     | Noticed Urug
 13136 | D:11     | Killed Urug
 13612 | D:11     | Found a blossoming altar of Fedhas.
 13630 | D:11     | Identified a scroll of acquirement
 13633 | D:11     | Got a distressingly furry buckler
 13644 | D:11     | Identified the +0 buckler of Wileco {+Blink Regen+ rCorr} (You acquired it on level 11 of the Dungeon)
 13698 | D:11     | Found a staircase to the Orcish Mines.
 13931 | D:11     | Reached skill level 1 in Shields
 13970 | D:11     | Received a gift from Kikubaaqudgha
 13971 | D:11     | Identified Kikubaaqudgha's Tome of Dark Arts (Kikubaaqudgha gifted it to you on level 11 of the Dungeon)
 14005 | D:11     | Noticed a hill giant
 14030 | Orc:1    | Entered Level 1 of the Orcish Mines
 14138 | D:11     | Killed a hill giant
 14138 | D:11     | Reached XP level 12. HP: 46/71 MP: 10/17
 14487 | D:11     | Killed Nergalle
 15215 | Orc:1    | Acquired Kikubaaqudgha's third power
 15333 | Orc:1    | Found Cosuanas's Armour Shop.
 15423 | Orc:1    | Reached skill level 5 in Spellcasting
 15806 | Orc:2    | Found a roughly hewn altar of Beogh.
 16027 | Orc:1    | Noticed Erica
 16057 | Orc:3    | Noticed Maud
 16057 | Orc:3    | Noticed Nessos
 16154 | Orc:3    | Killed Nessos
 16198 | Orc:3    | Killed Maud
 16433 | Orc:3    | Found a staircase to the Elven Halls.
 16692 | Orc:3    | Noticed Rupert
 17587 | Orc:1    | Killed Erica
 17587 | Orc:1    | Reached skill level 5 in Shields
 17850 | Orc:1    | Bought the cursed +0 pair of gloves of Jailiosec {+Fly MR- MP+9 Slay+4} for 348 gold pieces
 17993 | D:11     | Killed an unseen horror
 17993 | D:11     | Acquired Kikubaaqudgha's fourth power
 18157 | D:11     | Killed a cyclops
 18265 | D:10     | Killed a cyan ugly thing
 18265 | D:10     | Reached XP level 13. HP: 51/75 MP: 16/20
 18361 | D:10     | Found a staircase to the Lair.
 18783 | D:10     | Killed a centaur warrior
 18877 | Lair:1   | Entered Level 1 of the Lair of Beasts
 19030 | Lair:1   | Noticed Gastronok
 19056 | Lair:1   | Killed Gastronok
 19790 | Lair:1   | Learned a level 1 spell: Summon Butterflies
 19800 | Lair:1   | Learned a level 6 spell: Simulacrum
 19903 | Lair:1   | Identified the Compendium of Unstable Glamour
 19916 | Lair:1   | Learned a level 2 spell: Blink
 20404 | Lair:2   | Noticed GrandHerb's ghost (powerful DsGl)
 20610 | Lair:2   | Got a slimy short sword
 20611 | Lair:2   | Identified the cursed +1 short sword of Suadd {drain, Int+2 Dex+4 SInv} (You found it on level 2 of the Lair of Beasts)
 21681 | Lair:3   | Found a labyrinth entrance.
 21733 | Lair:3   | Found a hole to the Spider Nest.
 21932 | Lair:3   | Reached XP level 14. HP: 84/84 MP: 22/22
 22100 | Lair:3   | Identified a +6 dagger of pain (a +4 dagger of venom bloodied by Kikubaaqudgha)
 22100 | Lair:3   | Received a gift from Kikubaaqudgha
 22360 | Lair:3   | Found a staircase to the Swamp.
 22376 | Lair:3   | Reached skill level 10 in Short Blades
 22407 | Lair:3   | Reached skill level 10 in Necromancy
 23321 | Lair:3   | Noticed a dire elephant
 23321 | Lair:3   | Noticed a dire elephant
 23988 | Lair:4   | Gained mutation: You possess an exceptional clarity of mind. [potion of beneficial mutation]
 25116 | Lair:5   | Reached skill level 10 in Ice Magic
 25407 | Lair:6   | Reached skill level 1 in Armour
 25407 | Lair:6   | Reached skill level 11 in Stealth
 25748 | Lair:6   | Got a polished hand crossbow
 25750 | Lair:6   | Identified the +6 hand crossbow of Gallantry {venom, rC+ MR+ Str-3} (You found it on level 6 of the Lair of Beasts)
 25813 | Lair:6   | Got a warped robe
 25830 | Lair:6   | Identified the cursed +0 robe of the Beggar {rF+} (You found it on level 6 of the Lair of Beasts)
 26657 | Lair:7   | Reached skill level 12 in Stealth
 26966 | Lair:8   | Entered Level 8 of the Lair of Beasts
 27143 | Lair:8   | Identified Feozad's Handbook of the Boosting Glacier (You found it on level 8 of the Lair of Beasts)
 27376 | Lair:3   | Killed a dire elephant
 27376 | Lair:3   | Reached XP level 15. HP: 45/89 MP: 18/24
 27471 | Lair:3   | Killed a dire elephant
 28150 | Orc:3    | Killed Rupert
 28175 | Orc:3    | Learned a level 5 spell: Dispel Undead
 28252 | Orc:4    | Entered Level 4 of the Orcish Mines
 28256 | Orc:4    | Noticed Snorg
 28275 | Orc:4    | Killed Snorg
 28534 | Orc:4    | Reached skill level 10 in Dodging
 28693 | Orc:4    | Noticed Donald
 28719 | Orc:4    | Killed Donald
 29096 | Orc:4    | Reached skill level 13 in Stealth
 29432 | Orc:4    | Found Xaihuij's Food Boutique.
 29432 | Orc:4    | Found Voapra's Food Shoppe.
 29436 | Orc:4    | Found Amacvet's Armour Shop.
 29437 | Orc:4    | Found Gopnez's Gadget Emporium.
 29447 | Orc:4    | Bought a wand of heal wounds (6) for 720 gold pieces
 29449 | Orc:4    | Bought a meat ration for 65 gold pieces
 29449 | Orc:4    | Bought a beef jerky for 19 gold pieces
 29449 | Orc:4    | Bought a beef jerky for 19 gold pieces
 29449 | Orc:4    | Bought a meat ration for 65 gold pieces
 29449 | Orc:4    | Bought a beef jerky for 19 gold pieces
 29449 | Orc:4    | Bought a meat ration for 65 gold pieces
 29449 | Orc:4    | Bought a meat ration for 65 gold pieces
 29449 | Orc:4    | Bought a beef jerky for 19 gold pieces
 29801 | Lair:2   | Killed GrandHerb's ghost
 30422 | Lair:8   | Reached skill level 10 in Fighting
 30806 | Lair:8   | Reached XP level 16. HP: 97/97 MP: 28/28
 31037 | Lair:8   | Found a staircase to the Slime Pits.
 31652 | Swamp:1  | Entered Level 1 of the Swamp
 31772 | Swamp:1  | Reached skill level 14 in Stealth
 31844 | Swamp:1  | Noticed Kirke
 31870 | Swamp:1  | Killed Kirke
 32604 | Swamp:1  | Found a shimmering altar of Xom.
 33830 | Swamp:1  | Reached skill level 10 in Spellcasting
 33906 | Swamp:1  | Learned a level 6 spell: Haste
 34016 | Swamp:2  | Reached skill level 1 in Charms
 34871 | Swamp:2  | Reached XP level 17. HP: 104/104 MP: 31/31
 35582 | Swamp:3  | Reached skill level 15 in Stealth
 36432 | Swamp:4  | Entered Level 4 of the Swamp
 36964 | Swamp:4  | Reached skill level 5 in Charms
 37061 | Swamp:4  | Gained mutation: Your natural rate of healing is unusually fast. [potion of beneficial mutation]
 37112 | Swamp:4  | Noticed the 27-headed Lernaean hydra
 37448 | Swamp:4  | Killed the 27-headed Lernaean hydra
 37488 | Swamp:4  | Got a decaying rune of Zot
 38279 | Swamp:4  | Reached skill level 16 in Stealth
 38412 | Swamp:4  | Reached XP level 18. HP: 112/112 MP: 32/32
 38870 | Swamp:3  | Learned a level 4 spell: Condensation Shield
 38991 | Spider:1 | Entered Level 1 of the Spider Nest
 39040 | Spider:1 | Noticed Asterion
 39047 | Spider:1 | Killed Asterion
 39379 | Spider:1 | Identified a cursed +2 rod of ignition (11/11) (You found it on level 1 of the Spider Nest)
 40787 | Spider:2 | Noticed Norris
 40847 | Spider:2 | Killed Norris
 41743 | Spider:3 | Noticed Agnes
 41764 | Spider:3 | Killed Agnes
 41888 | Spider:3 | Reached skill level 17 in Stealth
 42475 | Spider:3 | Reached XP level 19. HP: 119/119 MP: 33/33
 42575 | Spider:4 | Entered Level 4 of the Spider Nest
 43665 | Spider:4 | Got a gossamer rune of Zot
 44463 | Elf:1    | Entered Level 1 of the Elven Halls
 44463 | Elf:1    | Found Beorall's Magic Scroll Shop.
 44476 | Elf:1    | Bought a scroll of identify for 34 gold pieces
 44476 | Elf:1    | Bought a scroll of teleportation for 51 gold pieces
 44476 | Elf:1    | Bought a scroll of identify for 34 gold pieces
 44476 | Elf:1    | Bought a scroll of amnesia for 59 gold pieces
 44757 | Elf:1    | Identified Asmodeus's Grimoire of Summoning
 45236 | Elf:1    | Reached skill level 18 in Stealth
 45442 | Elf:2    | Found Jera's Food Shop.
 45480 | Elf:2    | Found a runed gate.
 45481 | Elf:2    | Found a runed gate.
 45481 | Elf:2    | Found a runed gate.
 45499 | Elf:2    | Cast into the Abyss (a deep elf sorcerer)
 45499 | Abyss:1  | Found a corrupted altar of Lugonu.
 45605 | Abyss:1  | Reached skill level 15 in Dodging
 45646 | Abyss:2  | Found a corrupted altar of Lugonu.
 45659 | Elf:2    | Escaped the Abyss
 45834 | Elf:2    | Got a fine chain mail
 45836 | Elf:2    | Identified the +1 chain mail of Hysteria {rC+} (You acquired it on level 2 of the Elven Halls)
 45933 | Elf:2    | Found Zugroi's Antique Weapon Boutique.
 46106 | Elf:2    | Upgraded the game from 0.17-a0-1880-gacf7e67 to 0.17-a0-1882-g750edc8
 46176 | Elf:2    | Reached XP level 20. HP: 126/128 MP: 34/34
 46421 | Elf:3    | Entered Level 3 of the Elven Halls
 46461 | Elf:3    | Learned a level 5 spell: Aura of Abjuration
 46531 | Elf:3    | Found Ypsez's Antique Weapon Emporium.
 46688 | Elf:3    | Reached skill level 1 in Translocations
 46973 | Elf:3    | Reached skill level 1 in Summonings
 47360 | Elf:3    | Noticed a Brimstone Fiend
 47363 | Elf:3    | Cast into the Abyss (a deep elf demonologist)
 47389 | Abyss:1  | Found an opulent altar of Gozag.
 47492 | Abyss:1  | Noticed a bone dragon
 47500 | Abyss:1  | Killed a bone dragon
 48001 | Elf:3    | Escaped the Abyss
 48168 | Elf:3    | Noticed a Brimstone Fiend
 48403 | Elf:3    | Got a translucent rapier {vamp}
 48406 | Elf:3    | Identified the +7 rapier "Kiretapa" {vamp, *Confuse +Inv rElec Str+4} (You took it off a deep elf death mage on level 3 of the Elven Halls)
 48697 | Elf:3    | Cast into the Abyss (a deep elf demonologist)
 48697 | Abyss:1  | Found a corrupted altar of Lugonu.
 48801 | Abyss:1  | Found a corrupted altar of Lugonu.
 48816 | Elf:3    | Escaped the Abyss
 49096 | Elf:3    | Identified the Tome of Black Secrets and Envenoming
 49109 | Elf:3    | Identified the Incunabulum of Displacement and Cold
 49117 | Elf:3    | Identified the Volume of Fiery Summoning
 49123 | Elf:3    | Identified the Grimoire of Orientation
 49126 | Elf:3    | Learned a level 1 spell: Apportation
 50505 | D:14     | Reached skill level 5 in Summonings
 50834 | D:14     | Found a gate to the Vaults.
 50884 | D:14     | Reached XP level 21. HP: 129/133 MP: 35/35
 51172 | Vaults:1 | Entered Level 1 of the Vaults
 51227 | D:15     | Entered Level 15 of the Dungeon
 51680 | D:15     | Identified Asmodeus's Grimoire of Supportive Arcane Weapons (You found it on level 15 of the Dungeon)
 51717 | D:15     | Found an opulent altar of Gozag.
 52022 | D:15     | Found a staircase to the Depths.
 52273 | D:15     | Reached skill level 15 in Fighting
 52852 | Vaults:1 | Found Narigoet's Jewellery Emporium.
 52852 | Vaults:1 | Noticed Aizul
 52878 | Vaults:1 | Killed Aizul
 53351 | Vaults:1 | Reached skill level 19 in Stealth
 53666 | Vaults:1 | Cast into the Abyss (a deep elf demonologist)
 54618 | Abyss:4  | Found a corrupted altar of Lugonu.
 54644 | Abyss:5  | Entered Level 5 of the Abyss
 54644 | Abyss:5  | Found a corrupted altar of Lugonu.
 55342 | Abyss:5  | Found a runed door.
 55773 | Abyss:5  | Found a corrupted altar of Lugonu.
 55805 | Vaults:1 | Escaped the Abyss
 56120 | Vaults:1 | Reached XP level 22. HP: 140/140 MP: 36/36
 56945 | Vaults:2 | Found Tipa's Magic Scroll Shoppe.
 56971 | Vaults:2 | Bought a scroll of blinking for 105 gold pieces
 56971 | Vaults:2 | Bought a scroll of enchant armour for 105 gold pieces
 56971 | Vaults:2 | Bought a scroll of teleportation for 42 gold pieces
 57016 | Vaults:2 | Found a staircase to the Crypt.
 57403 | Vaults:2 | Found Ceeto's General Store.
 57437 | Vaults:2 | Bought a beef jerky for 24 gold pieces
 57521 | Vaults:2 | Got a scorched leather armour
 57522 | Vaults:2 | Identified the +1 leather armour "Viddole" {Str+5 Int+2} (You found it on level 2 of the Vaults)
 57709 | Vaults:2 | Cast into the Abyss (a deep elf demonologist)
 57709 | Abyss:1  | Found a corrupted altar of Lugonu.
 57843 | Abyss:1  | Paralysed by accursed screaming for 2 turns
 57913 | Abyss:1  | Paralysed by accursed screaming for 1 turns
 57914 | Abyss:1  | Slain by a tentacled starspawn

Vault maps used:
D:1:      minmay_arrival_diagonal_passages
D:3:      old_standard_altar
D:4:      kennysheep_little_box, minmay_temple_entry_hall, first_bread
D:5:      old_forge
D:6:      nicolae_overflow_hidden_temple, grunt_qazlal_sundering, serial_curves,
          eino_curves_04, eino_curves_01, eino_curves_04
D:8:      minmay_curly_fans, lightli_temple_of_fire,
          gammafunk_temple_overflow_pools, grunt_ogre_cave, cheibriados_altar_1,
          uniq_pikel
D:9:      wad_rectangle_vault, uniq_erolcha
D:10:     due_lair_maze_entry_diamond
D:11:     david_orc_2, basic_altar, uniq_nergalle, uniq_urug
D:14:     lightli_vaults_fourway_checkpoint, serial_glass, glass_columns_b,
          glass_columns_c
D:15:     hangedman_depths_entry_civil_slaughter, nicolae_gozag_seed_capital,
          grunt_decor_resistance
Lair:1:   special_room, beast_lair_carwin_1, grunt_megastairs_2, uniq_gastronok
Lair:3:   gammafunk_lair_enchanted_lake, minmay_swamp_entry_swarm,
          dummy_spider_entry, lab_entry_generic, grunt_forest_large_clearings
Lair:4:   kennysheep_rathole
Lair:5:   disabler_island
Lair:6:   dpeg_oklob_1
Lair:7:   nicolae_quartered_pool_little
Lair:8:   minmay_lair_end_enchanted_forest, slime_dummy,
          portal_ice_cave_entry_pillars_02
Swamp:1:  nicolae_swamp_godswood, swamp_pool1, grunt_lady_of_the_lake,
          uniq_kirke
Swamp:2:  hangedman_swamp_ruin_wall, swamp_pool1, nicolae_swamp_round_clearing,
          hangedman_swamp_lotus, hangedman_swamp_diagram, st_swamp_ruins_2
Swamp:3:  evilmike_swamp_ruin_house_6
Swamp:4:  grunt_swamp_rune_castle
Spider:1: nicolae_trapdoor_corridor, uniq_asterion
Spider:2: uniq_norris
Spider:3: spider_trap, uniq_agnes
Spider:4: grunt_spider_rune_circles
Orc:1:    serial_shops, nicolae_shop_statue_plus, uniq_erica
Orc:2:    basic_altar, abandoned_shop, abandoned_shop
Orc:3:    nicolae_orc_pool_cavern, uniq_maud, uniq_rupert, uniq_nessos
Orc:4:    st_orc_rangers, uniq_donald, uniq_snorg
Elf:1:    serial_shops, shop, minmay_elf_demonology
Elf:2:    serial_shops, shop_statue, nicolae_shop_window_shopping
Elf:3:    elf_hall, serial_shops, shop, spider_trap
Vaults:1: hangedman_vaults_maws, hangedman_vaults_stitches,
          nicolae_vaults_asterisk, v_alt_pattern_2, v_rooms_3,
          hangedman_vaults_cutoff, v_pattern_1, v_alt_pattern_4,
          vaults_dpeg_hooks, st_cells, vaults_dpeg_diagonal, serial_shops, shop,
          uniq_aizul
Vaults:2: v_misc_17, minmay_crypt_entry_nasty_monster,
          ontoclasm_vaults_misaligned, vaults_room_door_hall, v_pattern_3,
          v_misc_27, nicolae_vaults_mini_display_case, v_misc_32, v_misc_9,
          nicolae_vaults_ring_of_whatevers, grunt_vaults_diagonal,
          nicolae_vaults_shelves_hall, nicolae_vaults_gold_heap, serial_shops,
          shop_fountains, shop, nicolae_shop_crystal, shop_coins, shop
Abyss:2:  hangedman_abyss_shoalhut, hangedman_abyss_exit_choices
Abyss:3:  minivault_25, evilmike_abyss_exit_11, evilmike_abyss_exit_plants
Abyss:4:  minivault_26, nicolae_abyss_rune_containment_breach
Abyss:5:  hangedman_abyss_river_spirits, grunt_abyss_rune_twisted_forest,
          evilmike_abyss_exit_1

Action                   |  1- 3 |  4- 6 |  7- 9 | 10-12 | 13-15 | 16-18 | 19-21 | 22-24 || total
-------------------------+-------+-------+-------+-------+-------+-------+-------+-------++-------
Melee: Dagger            |    87 |   118 |    98 |   632 |  1402 |  1300 |  2070 |   296 ||  6003
       Whip              |    22 |       |     5 |       |       |       |       |       ||    27
       Staff             |       |     4 |       |       |       |       |       |       ||     4
       Falchion          |       |     8 |       |       |       |       |       |       ||     8
       Double sword      |       |       |    52 |    29 |       |       |       |       ||    81
       Short sword       |       |       |       |       |   179 |     6 |   158 |       ||   343
       Rapier            |       |       |       |       |       |       |    13 |       ||    13
Throw: Tomahawk          |       |       |       |     2 |       |     2 |     1 |       ||     5
 Cast: Ensorcelled Hiber |     4 |    22 |    51 |    57 |    34 |   112 |    16 |       ||   296
       Corona            |     2 |       |       |       |       |       |       |       ||     2
       Confuse           |       |    12 |     9 |    24 |     1 |     2 |       |       ||    48
       Dazzling Spray    |       |     2 |     6 |    74 |    84 |    71 |    40 |       ||   277
       Regeneration      |       |       |     3 |    18 |    32 |    30 |    35 |     6 ||   124
       Sublimation of Bl |       |       |       |     3 |       |       |    12 |     1 ||    16
       Dispel Undead     |       |       |       |       |     5 |    24 |    55 |     6 ||    90
       Summon Butterflie |       |       |       |       |       |     1 |     5 |       ||     6
       Simulacrum        |       |       |       |       |       |    10 |    76 |     2 ||    88
       Blink             |       |       |       |       |       |     3 |     4 |       ||     7
       Aura of Abjuratio |       |       |       |       |       |       |     8 |       ||     8
       Haste             |       |       |       |       |       |       |     1 |       ||     1
       Apportation       |       |       |       |       |       |       |    12 |     1 ||    13
Invok: Brand Weapon With |       |       |       |       |     1 |       |       |       ||     1
Evoke: Wand              |       |       |     2 |     2 |     2 |    13 |     1 |     4 ||    24
       Rod               |       |       |       |       |       |     4 |     4 |       ||     8
  Use: Scroll            |       |     3 |    10 |     9 |    25 |    10 |    20 |     4 ||    81
       Potion            |       |       |     4 |     7 |     5 |     8 |    12 |     5 ||    41
 Stab: Sleeping          |    10 |    30 |    37 |    48 |    69 |    92 |    68 |    10 ||   364
       Confused          |       |     2 |     3 |    16 |     1 |       |       |       ||    22
       Distracted        |       |       |     2 |     7 |     9 |    15 |    11 |       ||    44
       Invisible         |       |       |     2 |    21 |    35 |    12 |    19 |       ||    89
  Eat: Chunk             |    11 |    11 |    21 |    45 |    51 |    49 |    76 |     6 ||   270
       Pizza             |       |       |       |       |       |       |     7 |       ||     7
